[Event "Germany Countries-chT Youth 2022"]
[Site "Wiesbaden"]
[Date "2022.10.04"]
[Round "7"]
[White "Kempe, Caius Emilian"]
[Black "Uhlmann, Tim"]
[Result "1-0"]
[ECO "D32"]
[WhiteElo "2030"]
[BlackElo "1841"]
[Annotator "TA"]
[PlyCount "219"]
[EventDate "2022.09.28"]
[EventType "team-tourn"]
[EventRounds "7"]
[EventCountry "GER"]
[SourceTitle "playchess.com"]
[Source "ChessBase"]
[SourceQuality "1"]
[TimeControl "40/5400+30:1800+30"]

1. d4 d5 2. c4 e6 3. Nc3 c5 4. cxd5 cxd4 5. Qxd4 Nc6 6. Qd1 exd5 7. Qxd5 Be6 8. Qxd8+ Rxd8 9. e3 Nb4 {[%emt 0:00:17] [#] ...Nc2+ is the strong threat. D32: Tarrasch Defence: Sidelines and lines without g3.} 10. Bb5+ Ke7 11. Ke2 (11. Rb1 $16) 11... a6 {[%emt 0:01:40] The position is equal.} (11... Nc2 $5 ) 12. Ba4 ({Wrong is} 12. a3 $2 Nc2 13. Rb1 axb5 $19) 12... Bc4+ 13. Kf3 Nd3 14. Nge2 Rd6 {[%emt 0:06:08] [#]} (14... Nf6 $142) 15. Nf4 $146 (15. g3 $16) ({Predecessor:} 15. Rd1 Ne5+ 16. Ke4 Nd3 17. Kf3 Rf6+ 18. Nf4 Rd6 19. Nxd3 Rxd3 20. Rxd3 Bxd3 21. e4 {1-0 (47) Rotaenko,P-Pryimachenko,V Kiev 2005}) 15... Ne5+ $1 $14 16. Kg3 g5 17. Nfe2 h5 (17... Nf6 $11 {keeps the balance.} 18. h3 Rg8) 18. h3 $36 {[%emt 0:01:40][%mdl 2048] White has strong initiative. White now steadily converts the win.} Nf6 19. Nd4 {[%emt 0:01:19] Hoping for b3.} Be6 20. Bc2 b5 21. b3 b4 22. Nce2 h4+ 23. Kh2 g4 24. Bb2 gxh3 25. gxh3 Rg8 26. Rhg1 {[%emt 0:01:30] Prevents Nfg4+.} Nfg4+ (26... Rxg1 {keeps fighting.} 27. Rxg1 Bh6) 27. hxg4 $18 Nxg4+ {[%emt 0:00:04] [#]} 28. Rxg4 $1 Rxg4 29. Rg1 Rxg1 30. Nxg1 Bg7 31. Ngf3 a5 32. Be4 Ra6 33. Nxh4 Bxd4 34. Bxd4 a4 35. Bc5+ Kd7 36. Bxb4 {[%emt 0:01:22] Threatens to win with bxa4.} axb3 37. axb3 Bxb3 38. Bc3 Be6 39. Bd4 Ra5 40. Kg3 Rg5+ 41. Kf3 Bd5 $2 (41... Ke7 {was worth a try.} 42. Ke2 Ra5) 42. Kf4 Rh5 43. Nf5 Bxe4 (43... Bc4 44. Kg4 Rh2) 44. Kxe4 Rg5 45. f4 Rg6 46. Ng7 Ra6 47. Kf5 Ke7 48. e4 Ra5+ $2 (48... Rh6 49. Be5 Rc6) 49. e5 {[%emt 0:00:00] And now Bb6 would win.} f6 50. Bc3 Rb5 51. Be1 fxe5 52. fxe5 Kf7 53. Ne6 Rb1 54. Bh4 Rb5 55. Bf6 Ra5 56. Ng5+ Ke8 57. Ne4 Rd5 58. Ke6 Ra5 59. Nd6+ Kf8 60. Be7+ Kg7 61. Ne8+ Kg6 62. Bd6 Ra8 63. Kd7 Kf5 64. Nc7 Rh8 65. e6 Rh7+ 66. e7 Kf6 67. Kd8 Rh8+ 68. e8=Q Rxe8+ 69. Nxe8+ Ke6 70. Bb4 Kd5 71. Kd7 Ke5 72. Bd6+ Kd5 73. Nf6+ Kd4 74. Ke6 Kc4 75. Ke5 Kd3 76. Nd5 Kc4 77. Ke4 Kb5 78. Kd4 Kc6 79. Ba3 Kd7 80. Nf4 Kc6 81. Bc5 Kd7 82. Kd5 Kc7 83. Ne6+ Kd7 84. Bd6 Kc8 85. Nc5 Kd8 86. Ke6 Kc8 87. Be5 Kd8 88. Bb8 Kc8 89. Nd7 Kb7 90. Kd6 Ka8 91. Bc7 Kb7 92. Nb6 Ka6 93. Kc6 Ka7 94. Bd6 Ka6 95. Bb8 Ka5 96. Nd5 Ka4 97. Kc5 Kb3 98. Nb4 Ka4 99. Kc4 Ka5 100. Bc7+ Ka4 101. Nd3 Ka3 102. Bd8 Ka4 103. Nb2+ Ka3 104. Kc3 {[%emt 0:00:00] White mates.} Ka2 105. Kc2 Ka3 106. Be7+ Ka2 107. Nd3 Ka1 108. Bd6 Ka2 109. Nc1+ Ka1 110. Be5# {[%emt 0:00:00] Weighted Error Value: White=0.24 (precise) /Black=0.41} 1-0

[Event "Germany Countries-chT Youth 2022"]
[Site "Wiesbaden"]
[Date "2022.10.04"]
[Round "7"]
[White "Hänselmann, Hendrik"]
[Black "Heinrich, John"]
[Result "0-1"]
[ECO "B23"]
[WhiteElo "1989"]
[BlackElo "2139"]
[Annotator "TA"]
[PlyCount "86"]
[EventDate "2022.09.28"]
[EventType "team-tourn"]
[EventRounds "7"]
[EventCountry "GER"]
[SourceTitle "playchess.com"]
[Source "ChessBase"]
[SourceQuality "1"]
[TimeControl "40/5400+30:1800+30"]

1. e4 c5 2. Nc3 a6 3. g3 b5 4. Bg2 Bb7 5. d3 e6 6. Nh3 b4 {[%emt 0:08:41] is the new trend. B23: Closed Sicilian: Lines without g3.} 7. Na4 Nf6 8. O-O Be7 {[%emt 0:10:03] White has an edge.} 9. f4 {[%emt 0:02:45] [#]} d5 $146 (9... O-O $11 {remains equal.}) ({Predecessor:} 9... Qc7 10. g4 h5 11. g5 Ng4 12. b3 f6 13. Nf2 fxg5 14. Nxg4 hxg4 15. Qxg4 Nc6 {½-½ (44) Bettalli,F (2237)-Bjerre,J (2557) Cattolica 2021}) 10. Nf2 (10. e5 $16) 10... Nc6 (10... Bc6 $11 11. b3 O-O) 11. c3 Qa5 12. a3 bxc3 13. bxc3 O-O 14. g4 (14. Rb1 $142 Rab8 15. Bd2) 14... dxe4 $11 15. dxe4 Rfd8 16. Qc2 e5 (16... Qc7 $15) 17. g5 $14 Nh5 18. f5 Nf4 19. Bxf4 (19. Rb1 $16 Rab8 20. Bxf4 exf4 21. e5) 19... exf4 20. Nh3 {[%emt 0:02:23] Pair of Knights!} (20. Rab1 $14 Rab8 21. e5) 20... Ne5 {[%emt 0:03:54] [#] Hoping for ...Nc4.} (20... f3 $5 21. Bxf3 Ne5 $15) 21. Rxf4 ({Better is} 21. f6 $1 $15 gxf6 22. Nxf4) 21... Rd6 ({Black should try} 21... Nd3 22. Rh4 c4) 22. Rb1 $17 Bc6 23. Nb6 Rb8 24. Nd5 Rxb1+ 25. Qxb1 Bxd5 26. exd5 Qxc3 27. Kh1 Qxa3 {[%emt 0:02:50] Black is much more active.} 28. f6 Bf8 (28... gxf6 $15 29. gxf6 Bf8) 29. Re4 (29. fxg7 $11 Bxg7 30. Qb8+ (30. Rh4 Qd3 $17) 30... Bf8 31. Rf1) 29... Nd3 ({Black should play} 29... gxf6 $17 {And now ...Qd3 would win.} 30. gxf6 Ng6) 30. Re3 $2 {[%emt 0:02:52][%mdl 8192] [#] Inhibits Qd3. This move loses the game for White.} (30. Re8 $11 {and White is okay.} Rb6 31. Qf1 (31. Qxb6 {is a self mate.} Qc1+) (31. Rxf8+ $2 Kxf8 32. Qd1 Qc1 $19)) 30... Nf2+ $1 $19 31. Nxf2 Qxe3 32. Ng4 (32. Ne4 $142 Rxd5 33. fxg7 Kxg7 34. Ng3 Qxg5 35. Bxd5 Qxd5+ 36. Kg1) 32... Qxg5 33. fxg7 Bxg7 34. h3 h5 35. Nf2 Be5 36. Ne4 Qf4 37. Qg1 Rg6 38. Nxc5 Bd4 39. Nd3 Qg3 40. Qf1 a5 41. Qe2 Rb6 {[%emt 0:31:23] ( -> ...Rb1+)} 42. Qc2 a4 43. Qc8+ Kg7 {[%emt 0:00:12] Weighted Error Value: White=0.92/Black=0.38} 0-1

[Event "Germany Countries-chT Youth 2022"]
[Site "Wiesbaden"]
[Date "2022.10.04"]
[Round "7"]
[White "Kocharin, Timur"]
[Black "Herrmann, Jakob"]
[Result "1-0"]
[ECO "B76"]
[WhiteElo "1971"]
[BlackElo "1888"]
[Annotator "TA"]
[PlyCount "151"]
[EventDate "2022.09.28"]
[EventType "team-tourn"]
[EventRounds "7"]
[EventCountry "GER"]
[SourceTitle "playchess.com"]
[Source "ChessBase"]
[SourceQuality "1"]
[TimeControl "40/5400+30:1800+30"]

1. e4 c5 2. Nf3 d6 3. d4 cxd4 4. Nxd4 Nf6 5. Nc3 g6 6. Be3 Bg7 7. f3 O-O 8. Qd2 Nc6 9. O-O-O d5 10. exd5 Nxd5 11. Nxc6 bxc6 12. Bd4 e5 13. Bc5 Be6 14. h4 Rb8 15. Ne4 Re8 16. c4 {[%emt 0:05:52] B76: Sicilian Dragon: Yugoslav Attack, 9 g4 and 9 0-0-0.} ({Wrong is} 16. Bxa7 $2 Ra8 17. Bc5 Rxa2 $19) 16... Nf6 {[%emt 0:17:16][%cal Bd5f6,Bf6e4,Be4g3][%mdl 32] [#]} 17. Qxd8 $146 {[%emt 0:11:36] White is more active.} ({Predecessor:} 17. Qe1 Qc7 18. Bd6 Qb6 19. Bxb8 Rxb8 20. Qc3 Nd5 21. Qa3 Bh6+ 22. Kb1 Ne3 23. Rc1 Qd4 {0-1 (44) Babayev,T (2325)-Domogaev,S (2509) Bogoroditsk 2011}) 17... Rexd8 18. Rxd8+ {[%emt 0:08:05] White is better.} Rxd8 19. Be7 Nxe4 (19... Bh6+ $2 20. Ng5 Nh5 21. Bxd8 $18) 20. Bxd8 Ng3 21. Rg1 {[%emt 0:00:06] Threatens to win with Bd3.} e4 {[%emt 0:01:02] Against Bd3} (21... Nxf1 $14 22. Rxf1 Bxc4) 22. Bc7 (22. fxe4 $16 {Black must now prevent Bd3.} Bd4 23. Bc7 $1) 22... Nxf1 23. Rxf1 exf3 (23... Bxc4 $142 24. Re1 Bh6+ 25. Kc2 Bd3+ 26. Kc3 f5) 24. Rxf3 $16 Bxc4 $14 {[%emt 0:00:13][%mdl 4096] Endgame KRB-KB} 25. b3 Bd5 26. Rf2 f5 27. Kd2 Bd4 28. Re2 Be4 29. Bf4 a6 30. g3 Kf7 31. Re1 Ke6 32. Rc1 Kd5 {[%emt 0:00:12] [#]} (32... Bd5 $16 {might work better.}) 33. Rc4 ({White should try} 33. Ke2 $1 $18) 33... Bb1 $2 {[%emt 0:00:08][%mdl 8192] A mistake that costs the game.} (33... Bb6 $16 {is more resistant.}) 34. Ra4 $18 Kc5 35. Rxa6 Kb5 36. Ra8 c5 37. Ra7 h5 38. a4+ Kb6 39. Re7 Ka5 40. Rb7 Be4 41. Rb5+ Ka6 42. Rb8 Bd5 43. b4 cxb4 44. Rxb4 Bb6 45. Kd3 Bf7 46. Rb1 Be8 47. Re1 Bxa4 48. Re6 Kb7 (48... Kb5 $142 49. Ke2 (49. Rxg6 Bd1 $18) 49... Bc5 50. Rxg6 Kc4) 49. Rxg6 Bd1 50. Kc4 {[%emt 0:00:15] Kd5 is the strong threat.} Be2+ (50... Bf3 $142 51. Rh6 Bf2) 51. Kd5 Bf3+ 52. Ke6 Bg4 {[%emt 0:00:12] [#]} 53. Rxg4 $1 {[%emt 0:00:43][%mdl 512] White mates.} fxg4 {[%emt 0:00:09] KB-KB} 54. Kf5 Kc8 55. Kg5 Kd7 56. Kxh5 Ke8 57. Kxg4 Kf7 58. Kf5 Kg7 59. h5 Bc5 60. g4 Kh7 61. g5 Be7 62. h6 Bf8 63. g6+ Kg8 64. h7+ Kh8 65. Be5+ Bg7 66. Bxg7+ Kxg7 {[%emt 0:00:05] KP-KP} 67. Ke4 Kh8 68. Kd4 Kg7 69. Kd5 Kh8 70. Kd6 Kg7 71. Kd7 Kh8 72. Kd8 Kg7 73. Ke7 Kh8 74. Ke6 Kg7 75. h8=Q+ Kxh8 76. Kf6 {[%emt 0:00:01] Weighted Error Value: White=0.20 (precise) /Black=0.50} 1-0

[Event "Germany Countries-chT Youth 2022"]
[Site "Wiesbaden"]
[Date "2022.10.04"]
[Round "7"]
[White "Grossmann, Piet"]
[Black "Waffenschmidt, Lars"]
[Result "1/2-1/2"]
[ECO "C47"]
[WhiteElo "1945"]
[BlackElo "2302"]
[Annotator "TA"]
[PlyCount "54"]
[EventDate "2022.09.28"]
[EventType "team-tourn"]
[EventRounds "7"]
[EventCountry "GER"]
[SourceTitle "playchess.com"]
[Source "ChessBase"]
[SourceQuality "1"]
[TimeControl "40/5400+30:1800+30"]

1. e4 e5 2. Nf3 Nc6 3. Nc3 Nf6 4. d4 Bb4 5. Nxe5 Bxc3+ 6. bxc3 Qe7 $1 7. Nxc6 {[%emt 0:06:05] C47: Scotch Four Knights and Four Knights with 4 g3.} Qxe4+ 8. Qe2 dxc6 9. f3 Qxe2+ 10. Bxe2 Bf5 11. Bd3 Bxd3 12. cxd3 O-O-O 13. Kd2 Nd5 14. Ba3 {[%emt 0:06:57] [#]} h5 $146 ({Predecessor:} 14... Rd7 15. Rhe1 Nf4 16. g3 Ne6 17. f4 g6 18. Re3 h5 19. Rf1 b6 20. f5 gxf5 21. Rxf5 {0-1 (52) Vanishvili,M (1918)-Kovanova,B (2317) Sochi 2022}) 15. Rae1 Rde8 16. g3 h4 {[%emt 0:03:24] [#] Threatens to win with ...Rxe1.} 17. Rxe8+ Rxe8 $14 {[%emt 0:00:11][%mdl 4096] Endgame KRB-KRN. The position is equal.} 18. c4 Nf6 19. Re1 Rxe1 20. Kxe1 hxg3 21. hxg3 $11 {[%emt 0:00:06] KB-KN} Kd7 22. Kf2 Ke6 23. Bc1 Ne8 24. g4 Nd6 25. Bf4 b5 26. Ke3 a5 27. Bg3 bxc4 {[%emt 0:17:58] Weighted Error Value: White=0.06 (flawless) /Black=0.04 (flawless)} 1/2-1/2

[Event "Germany Countries-chT Youth 2022"]
[Site "Wiesbaden"]
[Date "2022.10.04"]
[Round "7"]
[White "Möller, Maurin"]
[Black "Buchholz, Maja"]
[Result "1-0"]
[ECO "C06"]
[WhiteElo "1936"]
[BlackElo "1765"]
[Annotator "TA"]
[PlyCount "71"]
[EventDate "2022.09.28"]
[EventType "team-tourn"]
[EventRounds "7"]
[EventCountry "GER"]
[SourceTitle "playchess.com"]
[Source "ChessBase"]
[SourceQuality "1"]
[TimeControl "40/5400+30:1800+30"]

1. e4 e6 2. d4 d5 3. Nd2 Nf6 4. e5 Nfd7 5. Bd3 c5 6. c3 Nc6 7. Ne2 cxd4 8. cxd4 f6 9. exf6 Nxf6 10. O-O Bd6 11. Nf3 Qc7 12. Bg5 O-O 13. Bh4 Nh5 14. Qc2 h6 15. Bh7+ {[%emt 0:00:16] C06: French Tarrasch: 3...Nf6 4 e5 Nfd7 5 Bd3 main lines.} Kh8 16. Bg6 Rxf3 17. Bxh5 {[%emt 0:00:05] The position is equal.} Rf8 18. Bg3 Bxg3 (18... Bd7 $11 {keeps the balance.}) 19. fxg3 $16 {[%emt 0:06:46][%cal Rf1f8] [#]} ({But not} 19. hxg3 e5 $11) 19... Bd7 20. Nf4 {[%emt 0:03:20][%cal Be2f4,Bf4g6,Bg6e7][%mdl 32] [#] Strongly threatening Ng6+.} Rf6 $146 (20... Kg8 $1 $14) ({Predecessor:} 20... Kg8 21. Bg6 Rf6 22. Bh7+ Kh8 23. Ng6+ Kxh7 24. Rxf6 gxf6 25. Nf8+ Kg7 26. Qg6+ Kxf8 27. Qxf6+ Ke8 28. Rf1 Qd6 29. Qh8+ {½-½ (29) Grigoriants,S (2503)-Kosyrev,V (2512) Elista 2000}) 21. Ng6+ $18 Kg8 $2 (21... Rxg6 22. Bxg6 Qb6) 22. Rxf6 {[%emt 0:00:10] Ne7+ is the strong threat. White is clearly winning.} ({Weaker is} 22. Ne5 Raf8 $16) 22... gxf6 23. Ne7+ $1 Kh8 {[%emt 0:02:54] [#]} 24. Qg6 $1 Nxe7 25. Qxf6+ Kg8 26. Qxe7 {[%emt 0:03:53] Intending Qf7+ and mate.} Rf8 {[%emt 0:02:06] Inhibits Qf7+.} 27. Bg6 Rf5 28. Qh7+ Kf8 29. Qxh6+ Kg8 30. Qh7+ Kf8 31. Qh8+ Ke7 32. Qg7+ Kd8 33. Bxf5 {[%emt 0:00:04] Threatening mate with Qg5+.} exf5 34. Qf8+ Be8 35. Re1 Qd7 36. h4 {[%emt 0:00:19] White took control after the opening.  Weighted Error Value: White=0.03 (flawless) /Black=0.47} 1-0

[Event "Germany Countries-chT Youth 2022"]
[Site "Wiesbaden"]
[Date "2022.10.04"]
[Round "7"]
[White "Malinowsky, Levi"]
[Black "Nechitailo, Nikita"]
[Result "1/2-1/2"]
[ECO "B31"]
[WhiteElo "1879"]
[BlackElo "1651"]
[Annotator "NA RC COMBH"]
[PlyCount "130"]
[EventDate "2022.09.28"]
[EventType "team-tourn"]
[EventRounds "7"]
[EventCountry "GER"]
[SourceTitle "playchess.com"]
[Source "ChessBase"]
[SourceQuality "1"]
[TimeControl "40/5400+30:1800+30"]

1. e4 c5 2. Nf3 Nc6 3. Bb5 g6 4. O-O Bg7 5. c3 Nf6 6. Re1 O-O 7. d4 cxd4 8. cxd4 d5 9. e5 Ne4 10. Nc3 Nxc3 11. bxc3 Bg4 12. h3 Bxf3 13. Qxf3 Rc8 14. Ba3 ({White should try} 14. Rb1 $14) 14... a6 15. Ba4 Na5 16. Bb3 Nc4 17. Bc5 b5 (17... Nxe5 $11 {remains equal.} 18. Qxd5 Qxd5 19. Bxd5 Nd3) 18. Bxc4 bxc4 19. Rab1 Rc6 (19... Qd7 $16 {might work better.}) 20. Rb7 Re8 21. Qg4 e6 {[%emt 0:02:04] [#]} 22. Qf4 $1 Rc7 23. Rb2 (23. Reb1 $142) 23... Bf8 24. Bb6 (24. Bxf8 $1 $14 Rxf8 25. Rb6) 24... Qb8 25. a4 $1 Ba3 (25... Rb7 $5 26. a5 $8 Be7 $11) 26. Rbb1 ({Don't play} 26. Bxc7 Qxb2 27. Qg3 Qc2 $17) 26... Rb7 27. a5 Be7 28. Re2 Rc8 29. Reb2 Rc6 30. Qd2 Ba3 31. Ra2 Be7 32. Qc2 Qe8 33. Rab2 Ba3 34. Ra2 Be7 35. g3 Rc8 36. h4 Rcb8 37. h5 (37. Qd2 $11) 37... Bd8 (37... gxh5 $142 38. Qe2 h4) 38. Qa4 Qxa4 39. Rxa4 gxh5 40. Rab4 Be7 41. R4b2 Kf8 42. Kg2 Ke8 43. Rh1 $1 h4 44. g4 Kd7 45. Ra2 Bg5 (45... h5 $17 46. gxh5 Rh8) 46. f4 (46. Rf1 $15 {might be stronger.}) 46... Bd8 ({Black should play} 46... Bxf4 $17 47. Rxh4 h6) 47. f5 (47. Bxd8 $11 Rb2+ 48. Rxb2 Rxb2+ 49. Kf3 Kxd8 50. Rxh4) 47... Bg5 48. f6 Ke8 49. Kf3 (49. Rb2 $11) 49... Kf8 50. Rhh2 Kg8 51. Rh1 h6 52. Rhh2 Kh7 53. Rag2 Kg6 54. Rh3 h5 55. gxh5+ Kxh5 56. Rg4 $19 ({White should play} 56. Rhh2 $15) 56... Rh8 $2 ({Black should play} 56... Rxb6 $19 57. axb6 Rxb6) 57. Rg2 (57. Rh2 $11) 57... Rbb8 58. Rg4 Rh6 59. Rg2 Rg6 60. Rg4 Rbg8 61. Bc5 Bxf6 62. Rxg6 Rxg6 63. exf6 Rxf6+ 64. Kg2 Kg5 65. Be7 e5 1/2-1/2

[Event "Germany Countries-chT Youth 2022"]
[Site "Wiesbaden"]
[Date "2022.10.04"]
[Round "7"]
[White "Basovskiy, Jana"]
[Black "Neuhoff, Laertes"]
[Result "0-1"]
[ECO "B31"]
[WhiteElo "1858"]
[BlackElo "1885"]
[Annotator "NA RC COMBH"]
[PlyCount "44"]
[EventDate "2022.09.28"]
[EventType "team-tourn"]
[EventRounds "7"]
[EventCountry "GER"]
[SourceTitle "playchess.com"]
[Source "ChessBase"]
[SourceQuality "1"]
[TimeControl "40/5400+30:1800+30"]

1. e4 c5 2. Nf3 Nc6 3. Bb5 g6 4. Bxc6 bxc6 5. O-O Bg7 6. Re1 e5 {[%emt 0:01:31] 6...Qc7 is a critical line.} 7. c3 Ne7 8. Na3 (8. d4 $14) 8... O-O 9. Nc4 Qc7 10. d4 exd4 (10... cxd4 $1 $15 11. cxd4 exd4) 11. cxd4 {[%emt 0:00:12] [#]} Ba6 $146 ({Predecessor:} 11... d5 12. exd5 cxd5 13. Nce5 c4 14. Bf4 Qd8 15. Qe2 Nf5 16. h3 Qb6 {0-1 (43) Yaakkimainen,V (2155)-Senyukov,A (2113) Petrozavodsk 2013}) 12. Ne3 cxd4 13. Nxd4 Rad8 14. Nf3 d5 15. exd5 (15. e5 $5) 15... cxd5 16. Qa4 Qc6 (16... Bb7 $5 ) 17. Qh4 (17. Qa3 $15 {is more appropriate.} Qb7 18. Ng4) 17... Rfe8 18. Ng4 Nf5 19. Rxe8+ Rxe8 20. Qg5 h5 21. Ne3 Bh6 22. Nd4 Qb6 $19 0-1

[Event "Germany Countries-chT Youth 2022"]
[Site "Wiesbaden"]
[Date "2022.10.04"]
[Round "7"]
[White "Hecht, Jonas Christian"]
[Black "Hinrichs, Paul"]
[Result "1/2-1/2"]
[ECO "C45"]
[WhiteElo "1852"]
[BlackElo "2172"]
[Annotator "TA"]
[PlyCount "73"]
[EventDate "2022.09.28"]
[EventType "team-tourn"]
[EventRounds "7"]
[EventCountry "GER"]
[SourceTitle "playchess.com"]
[Source "ChessBase"]
[SourceQuality "1"]
[TimeControl "40/5400+30:1800+30"]

1. e4 e5 2. Nf3 Nc6 3. d4 exd4 4. Nxd4 Nf6 5. Nxc6 bxc6 6. e5 Qe7 7. Qe2 Nd5 8. c4 Nb6 9. Nc3 Qe6 10. Qe4 d5 {[%emt 0:01:44] C45: Scotch Game.} 11. exd6 Qxe4+ 12. Nxe4 cxd6 {[%emt 0:00:02] The position is equal.} 13. Bf4 d5 14. cxd5 Nxd5 15. Bd2 Rb8 16. O-O-O Be7 {[%emt 0:00:51] [#]} 17. Nc3 $146 (17. Bc4 {looks sharper.} Bf5 18. Rhe1 O-O 19. f3) ({Predecessor:} 17. Bc4 Bf5 18. Rhe1 O-O 19. h3 Bg6 20. g4 f5 21. Ng3 Bf6 22. b3 fxg4 23. hxg4 {½-½ (29) Ivanov,V (2267)-Karpenko,A (2311) ICCF email 2018}) 17... Bf6 18. Bc4 O-O 19. Bb3 Bf5 20. f3 g6 21. g4 Bc8 22. Nxd5 cxd5 23. Bc3 d4 (23... Bxc3 $11 {keeps the balance.} 24. bxc3 Bb7) 24. Bxd4 $16 Bg5+ 25. Kb1 Bb7 26. Rhf1 {[%emt 0:02:49] White is more active.} Bf4 (26... Ra8 $16) 27. Bc5 Rfd8 28. Bxa7 Rxd1+ 29. Rxd1 Rc8 30. a3 Bxf3 31. Rd7 (31. Rf1 $18 Be4+ 32. Ka2) 31... Rc7 32. Bxf7+ Kf8 33. Be6 {[%emt 0:01:11] White is slightly better.} Rxd7 34. Bxd7 {[%emt 0:00:13] [#] aiming for Bc5+.} Ke7 35. Bc8 Kd8 36. Be6 {[%emt 0:00:25] Strongly threatening h3.} Ke7 37. Bc8 {[%emt 0:01:25] Weighted Error Value: White=0.10 (very precise) /Black=0.12 (very precise)} (37. Bg8 $14) 1/2-1/2